 Dungeon Crawl Stone Soup version 0.27-a0-1529-g1e82c303ef (webtiles) character file.

Game seed: 6299287773141862893

4354 Feb132020 the Thaumaturge (level 10, 0/78 HPs)
             Began as a Deep Elf Necromancer on July 11, 2021.
             Was an Initiate of Kikubaaqudgha.
             Slain by a gargoyle (3 damage)
             ... on level 10 of the Dungeon on July 12, 2021.
             The game lasted 00:58:53 (15629 turns).

Feb132020 the Thaumaturge (Deep Elf Necromancer)   Turns: 15629, Time: 00:58:53

Health: 0/78       AC: 25    Str: 17    XL:     10   Next: 12%
Magic:  28/28      EV:  2    Int: 21    God:    Kikubaaqudgha [......]
Gold:   461        SH:  0    Dex: 18    Spells: 24/33 levels left

rFire    . . .     SeeInvis .   a - staff of death
rCold    . . .     Faith    .   (no shield)
rNeg     + + +     Spirit   .   (armour currently unavailable)
rPois    +         Reflect  .   (helmet currently unavailable)
rElec    .         Harm     .   (cloak currently unavailable)
rCorr    .         Rampage  .   (gloves currently unavailable)
Will     +....     NoTele   +   (boots currently unavailable)
Stlth    +++.......             (no amulet)
HPRegen  0.23/turn              k - +6 ring of strength
MPRegen  0.21/turn              q - +6 ring of strength

@: tree-form, studying 2 skills
A: stationary, stasis, torment immunity, boosted hp
a: Renounce Religion


You were on level 10 of the Dungeon.
You worshipped Kikubaaqudgha.
Kikubaaqudgha was noncommittal.
You were a tree.
You visited 2 branches of the dungeon, and saw 11 of its levels.
You also visited: Bailey.

You collected 461 gold pieces.

Inventory:

Hand Weapons
 c - a +0 short sword
 z - a +2 dagger of protection
Missiles
 s - 28 poisoned darts
 A - a curare-tipped dart
Armour
 f - a scarf of invisibility
 h - a +0 robe (melded)
 n - a +0 pair of gloves (melded)
 u - +0 pearl dragon scales
 x - a +1 helmet (melded)
 C - a +0 buckler
 F - a +0 cloak of willpower (melded)
Magical Staves
 a - a staff of death (weapon)
 b - a staff of fire
Jewellery
 k - a +6 ring of strength (left branch)
 p - a ring of resist corrosion
 q - a +6 ring of strength (right branch)
 v - a ring of willpower
Wands
 t - a wand of iceblast (9)
 y - a wand of polymorph (7)
Scrolls
 e - 4 scrolls of immolation
 m - a scroll of blinking
 o - a scroll of fog
 E - a scroll of magic mapping
 G - a scroll of vulnerability {unknown}
Potions
 g - 4 potions of haste
 i - a potion of brilliance {unknown}
 j - 2 potions of invisibility
 l - a potion of flight {unknown}
 r - a potion of heal wounds {unknown}
 w - a potion of magic {unknown}
 B - 2 potions of cancellation
 D - a potion of attraction {unknown}


   Skills:
 - Level 1.0 Fighting
 + Level 4.9 Staves
 + Level 6.1 Dodging
 + Level 5.0 Stealth
 + Level 12.0 Spellcasting
 + Level 10.9 Necromancy
 + Level 1.5 Evocations


You had 24 spell levels left.
You knew the following spells:

 Your Spells              Type           Power      Damage    Failure   Level
a - Pain                  Necr           100%       1d9       1%          1
b - Vampiric Draining     Necr           36%        2d11      1%          3
D - Animate Dead          Necr           36%        N/A       1%          4
S - Animate Skeleton      Necr           100%       N/A       1%          1

Your spell library contained the following spells:

 Spells                   Type           Power      Damage    Failure   Level
 Sublimation of Blood     Necr           36%        N/A       1%          2
 Agony                    Necr           73%        N/A       1%          5
 Freeze                   Ice            48%        1d7       5%          1
 Sting                    Tmut/Pois      48%        1d5       5%          1
 Poisonous Vapours        Pois/Air       24%        N/A       8%          2
 Conjure Flame            Conj/Fire      12%        6-21      16%         3
 Frozen Ramparts          Ice            24%        1d4       16%         3
 Ignite Poison            Fire/Tmut/Pois 12%        N/A       16%         3
 Inner Flame              Hex/Fire       12%        N/A       16%         3
 Ozocubu's Armour         Ice            12%        N/A       16%         3
 Cause Fear               Hex            6%         N/A       45%         4
 Hailstorm                Conj/Ice       12%        3d5       45%         4
 Olgreb's Toxic Radiance  Pois           12%        N/A       45%         4
 Sticky Flame             Conj/Fire      12%        2d4       45%         4
 Simulacrum               Ice/Necr       26%        N/A       65%         6
 Metabolic Englaciation   Hex/Ice        6%         N/A       82%         5
 Discord                  Hex            6%         N/A       100%        8


Dungeon Overview and Level Annotations

Branches:
Dungeon (10/15)            Temple (1/1) D:7          Bailey (visited)
   Lair: D:8-11         Orc: D:9-12

Altars:
Ashenzari
Dithmenos
Elyvilon
Fedhas
Gozag
Hepliaklqana
Kikubaaqudgha
Makhleb
Nemelex Xobeh
Okawaru
Qazlal
Ru
Sif Muna
Trog
Uskayaw
Vehumet
Wu Jian
Xom
Yredelemnul
Zin
The Shining One

Shops:
D:3 (=

Annotations:
D:5 1 runed translucent door, Grinder; fly's ghost, weakling HuDe
D:6 exclusion: phantom


Message History

The gargoyle hits you but does no damage.
You hit the gargoyle.
The gargoyle is moderately damaged.
The gargoyle hurls a stone arrow at you.
The stone arrow hits you!
* * * LOW HITPOINT WARNING * * *
You hit the gargoyle but do no damage.
The gargoyle is moderately damaged.
The gargoyle hurls a stone arrow at you.
The stone arrow hits you but does no damage.
You hit the gargoyle but do no damage.
The gargoyle is lightly damaged.
You hit the gargoyle but do no damage.
The gargoyle is lightly damaged.
The gargoyle hits you but does no damage.
You hit the gargoyle but do no damage.
The gargoyle is lightly damaged.
The gargoyle hits you but does no damage.
You hit the gargoyle but do no damage.
The gargoyle is lightly damaged.
The gargoyle hurls a stone arrow at you.
The stone arrow hits you.
* * * LOW HITPOINT WARNING * * *
You hit the gargoyle but do no damage.
The gargoyle is lightly damaged.
The gargoyle hurls a stone arrow at you.
The stone arrow hits you but does no damage.
You hit the gargoyle but do no damage.
The gargoyle is lightly damaged.
The gargoyle hurls a stone arrow at you.
The stone arrow hits you!
* * * LOW HITPOINT WARNING * * *
You hit the gargoyle but do no damage.
The gargoyle is lightly damaged.
The gargoyle hits you but does no damage.
You hit the gargoyle but do no damage.
The gargoyle is lightly damaged.
The gargoyle hits you with a +0 flail.
You die...
Kikubaaqudgha rasps: "You have failed me!
Welcome... death!"

### ######
##.######
.....######.#.....#
.............####.#
......######## #.#
......# #.# .....##
#.# .....#
####.#### .....#
#.9♣....# ....##
#.##.##.# ....# #
#.# # ....# #.#
...># #.# #.### #.#
#.#### ... .....#
.# #.##<#


You could see a gargoyle.

Vanquished Creatures
  Maurice (D:9)
  Psyche (D:9)
  2 wyverns
  6 yaks
  Eustachio (D:6)
  A steam dragon (D:6)
  An orc warrior (D:7)
  3 sky beasts
  A necrophage (D:6)
  3 ogres
  A black bear (D:7)
  A centaur (D:6)
  A kobold brigand (D:6)
  2 bullfrogs
  4 scorpions
  3 wights (D:7)
  A bullfrog zombie (D:7)
  2 centaur zombies
  A centaur skeleton (D:7)
  4 hounds
  2 orc priests
  A gnoll shaman (D:8)
  4 iguanas
  2 bullfrog skeletons
  8 orc wizards
  A killer bee zombie (D:7)
  A hound skeleton (D:5)
  2 howler monkey zombies
  7 gnolls
  5 adders
  3 adder skeletons (D:4)
  A dart slug (D:2)
  15 orcs
  7 endoplasms
  2 giant cockroaches
  7 goblins
  3 hobgoblins
  6 jackals
  13 kobolds
  2 quokkas (D:1)
  4 ball pythons
  5 bats
  3 frilled lizards
  A quokka skeleton (D:4)
  4 rats
149 creatures vanquished.

Vanquished Creatures (collateral kills)
  An orc priest (D:8)
  An adder (D:4)
  An adder zombie (D:5)
  A bat (D:2)
  An endoplasm (D:2)
  A kobold (D:2)
6 creatures vanquished.

Vanquished Creatures (others)
  A kobold brigand (D:9)
  An orc wizard (D:8)
  4 fungi (D:3)
  3 plants (D:3)
9 creatures vanquished.

Grand Total: 164 creatures vanquished

Notes
Turn   | Place    | Note
-------+----------+-------------------------------------------
     0 | D:1      | Feb132020 the Deep Elf Necromancer began the quest for the
                  | Orb.
     0 | D:1      | Reached XP level 1. HP: 10/10 MP: 6/6
   120 | D:1      | Learned a level 1 spell: Animate Skeleton
   195 | D:1      | Reached skill level 5 in Necromancy
   506 | D:1      | Reached XP level 2. HP: 12/15 MP: 4/8
  1530 | D:2      | Reached XP level 3. HP: 10/19 MP: 8/10
  1789 | D:2      | Learned a level 3 spell: Vampiric Draining
  2537 | D:3      | Noticed a scorpion
  2543 | D:3      | Killed a scorpion
  2544 | D:3      | Reached skill level 1 in Staves
  2544 | D:3      | Reached skill level 4 in Spellcasting
  2544 | D:3      | Reached XP level 4. HP: 8/24 MP: 3/12
  2837 | D:3      | Found Sioro's Jewellery Boutique.
  2958 | D:3      | Found a faded altar of an unknown god.
  3078 | D:3      | Found Obreocs's Antique Weapon Shop.
  3473 | D:3      | Learned a level 4 spell: Animate Dead
  3638 | D:3      | Reached XP level 5. HP: 25/28 MP: 10/14
  3903 | D:4      | Reached skill level 5 in Spellcasting
  5016 | D:4      | Reached XP level 6. HP: 30/33 MP: 13/16
  5161 | D:5      | Entered Level 5 of the Dungeon
  5423 | D:5      | Noticed Grinder
  5692 | D:5      | Reached skill level 6 in Spellcasting
  5862 | D:5      | Reached skill level 1 in Fighting
  5862 | D:5      | Reached XP level 7. HP: 22/38 MP: 15/18
  6181 | D:5      | Noticed fly's ghost (weakling HuDe)
  6182 | D:5      | Found a runed translucent door.
  6686 | D:5      | Reached skill level 7 in Spellcasting
  7191 | D:6      | Noticed a steam dragon
  7711 | D:6      | Reached skill level 8 in Spellcasting
  7711 | D:6      | Reached XP level 8. HP: 30/43 MP: 15/22
  9199 | D:6      | Noticed Eustachio
  9212 | D:6      | Killed Eustachio
  9213 | D:6      | Reached skill level 9 in Spellcasting
  9504 | D:7      | Found a flagged portal.
  9586 | Bailey   | Entered a bailey
 10600 | D:7      | Reached skill level 5 in Dodging
 10970 | D:7      | Found a staircase to the Ecumenical Temple.
 10975 | Temple   | Entered the Ecumenical Temple
 11171 | Temple   | Became a worshipper of Kikubaaqudgha
 11277 | D:7      | Reached XP level 9. HP: 32/47 MP: 17/24
 11841 | D:7      | Reached skill level 1 in Evocations
 12390 | D:8      | Reached skill level 10 in Spellcasting
 13686 | D:8      | Reached skill level 10 in Necromancy
 13693 | D:8      | Reached skill level 11 in Spellcasting
 14713 | D:9      | Noticed Psyche
 14802 | D:9      | Killed Psyche
 14803 | D:9      | Reached XP level 10. HP: 45/52 MP: 27/27
 14999 | D:9      | Reached * piety under Kikubaaqudgha
 14999 | D:9      | Received a gift from Kikubaaqudgha
 15000 | D:9      | Upgraded the game from 0.27-a0-1528-g90fbb72469 to
                  | 0.27-a0-1529-g1e82c303ef
 15087 | D:9      | Noticed Maurice
 15097 | D:9      | Killed Maurice
 15098 | D:9      | Reached skill level 5 in Stealth
 15098 | D:9      | Reached skill level 12 in Spellcasting
 15105 | D:9      | Noticed a two-headed ogre
 15418 | D:10     | Entered Level 10 of the Dungeon
 15609 | D:10     | Noticed a gargoyle
 15627 | D:10     | HP: 2/78 [gargoyle/stone arrow (9)]
 15629 | D:10     | Slain by a gargoyle

Illustrated notes

Levels and vault maps discovered:
D:1:      shiori_arrival_elements, layout_loops_ring
D:2:      layout_rooms
D:3:      layout_basic, serial_shops, nicolae_shop_crystal, shop,
          dreamdust_ecumenical_altar_grove
D:4:      layout_rooms
D:5:      layout_basic, gammafunk_ghost_grave, hangedman_abyss_or_decor_stagger,
          minmay_a_box_with_orc_wizards_in_it, uniq_grinder
D:6:      layout_loops_corners, minmay_fractal_squares_diagonal_5,
          uniq_eustachio
D:7:      layout_loops_ring, minmay_temple_entry_wispy, enter_bailey_5
D:8:      layout_loops_cross
D:9:      layout_stronghold, uniq_psyche, uniq_maurice
D:10:     layout_loops_cross, kennysheep_slug_shrine, david_lair_shrubbed,
          special_room [special_room_kobold], minivault_22
Temple:   kilobyte_greek_temple

Skill      XL: |  1  2  3  4  5  6  7  8  9 10 |
---------------+-------------------------------+-----
Necromancy     | 5 6 7 8 9 10 | 10.9
Staves         | 1 2 4 |  4.9
Spellcasting   | 4 5 6 8 9 11 12 | 12.0
Stealth        | 3 4 5 |  5.0
Dodging        | 3 4 5 6 |  6.1
Fighting       | 1 |  1.0
Evocations     | 1 |  1.5

Action                   |  1- 3 |  4- 6 |  7- 9 | 10-12 || total
-------------------------+-------+-------+-------+-------++-------
Melee: Staff             |    60 |   119 |   334 |    57 ||   570
 Cast: Pain              |    45 |    28 |    85 |     2 ||   160
       Animate Skeleton  |    20 |     4 |       |       ||    24
       Vampiric Draining |     2 |    14 |    66 |     4 ||    86
       Animate Dead      |       |     6 |    16 |       ||    22
Evoke: Wand              |       |       |    18 |       ||    18
  Use: Scroll            |     2 |     2 |    11 |       ||    15
       Potion            |     1 |       |     9 |     1 ||    11
 Stab: Sleeping          |     3 |     4 |     3 |     1 ||    11
       Distracted        |       |       |     1 |     1 ||     2
       Invisible         |       |       |     1 |       ||     1
Armor: Robe              |     9 |    24 |   101 |    18 ||   152
       Skin              |       |       |       |     8 ||     8
Dodge: Dodged            |    53 |   105 |   323 |    33 ||   514

Table legend: (Time is in decaauts)
 A = Elapsed time spent in this place.
 B = Non-inter-level travel time spent in this place.
 C = Inter-level travel time spent in this place.
 D = Time resting spent in this place.
 E = Time spent auto-exploring this place.
 F = Levels seen in this place.
 G = Mean time per level.
                   A        B        C        D        E       F      G
               +--------+--------+--------+--------+--------+-----+--------+
         Total |  15866 |  15375 |    491 |   1847 |  11018 |  12 | 1322.2 |
       Dungeon |  15313 |  14864 |    449 |   1657 |  10770 |  10 | 1531.3 |
        Temple |    238 |    196 |     42 |      0 |    178 |   1 |  238.0 |
        Bailey |    314 |    314 |      0 |    190 |     70 |   1 |  314.0 |
               +--------+--------+--------+--------+--------+-----+--------+

Top non-repeatable levels by time:
     D:6: 2824 daAuts
     D:8: 2118 daAuts
     D:3: 2001 daAuts
     D:7: 1921 daAuts
     D:5: 1838 daAuts
     D:2: 1254 daAuts
     D:1: 1189 daAuts
     D:9: 1133 daAuts
     D:4: 971 daAuts
  Bailey: 314 daAuts
  Temple: 238 daAuts
    D:10: 60 daAuts
